 Dungeon Crawl Stone Soup version 0.20.0 (webtiles) character file.

229 SpeedrunTech the Chopper (level 5, 0/48 HPs)
             Began as a Minotaur Berserker on June 11, 2017.
             Was a Believer of Trog.
             Slain by a phantom (8 damage)
             ... on level 4 of the Dungeon.
             The game lasted 00:00:41 (915 turns).

SpeedrunTech the Chopper (Minotaur Berserker)        Turns: 915, Time: 00:00:41

Health: 0/48       AC:  2    Str: 22    XL:     5   Next: 71%
Magic:  4/4        EV: 12    Int:  4    God:    Trog [**....]
Gold:   82         SH:  0    Dex: 10    Spells: 4/4 levels left

rFire    . . .     SeeInvis .   a - +0 hand axe
rCold    . . .     Gourm    .   (no shield)
rNeg     . . .     Faith    +   b - +0 animal skin
rPois    .         Spirit   .   (helmet restricted)
rElec    .         Reflect  .   (no cloak)
rCorr    .         Harm     .   (no gloves)
MR       .....                  (no boots)
Stlth    +.........             g - amulet of faith {!P}
Regen    0.2/turn               (no ring)
MPRegen  0.1/turn               (no ring)

@: berserk cooldown
A: retaliatory headbutt, horns 2
a: Berserk, Trog's Hand, Burn Spellbooks, Renounce Religion


You were on level 4 of the Dungeon.
You worshipped Trog.
Trog was pleased with you.
You were not hungry.

You visited 1 branch of the dungeon, and saw 4 of its levels.

You collected 82 gold pieces.

Inventory:

Hand Weapons
 a - a +0 hand axe (weapon)
Armour
 b - a +0 animal skin (worn)
Jewellery
 g - an amulet of faith (around neck) {!P}
Scrolls
 d - 3 scrolls of identify {unknown}
 h - a scroll of enchant weapon {unknown}
 i - a scroll of fog {unknown}
 k - a scroll of enchant armour {unknown}
 l - a scroll of remove curse {unknown}
 n - a scroll of recharging {unknown}
Potions
 e - a potion of haste {unknown}
 f - a potion of agility {unknown}
Comestibles
 c - 2 bread rations
 j - a royal jelly
 m - a meat ration


   Skills:
 + Level 5.4 Fighting
 * Level 6.7 Axes
 - Level 2.4 Armour
 - Level 2.1 Dodging


You had 4 spell levels left.
You didn't know any spells.

Dungeon Overview and Level Annotations

Branches:
Dungeon (4/15)
 Temple: D:4-7

Altars:
Makhleb


Innate Abilities, Weirdness & Mutations

You reflexively headbutt those who attack you in melee.
You have a pair of horns on your head.


Message History

You're still recovering from your berserk rage.
You barely miss the phantom.
The phantom is heavily damaged.
The phantom barely misses you.
Unknown command.
You are too injured to fight recklessly!
You closely miss the phantom.
The phantom is heavily damaged.
The phantom misses you.
You are too injured to fight recklessly!
Unknown command.
You closely miss the phantom.
The phantom is heavily damaged.
The phantom closely misses you.
You are too injured to fight recklessly!
Unknown command.
You hit the phantom.
The phantom is severely damaged.
The phantom hits you!
You die...

..## ## #... ..
#..##.# .....> # #...#
#. #...#####
#.####........
#....W.# #....@.#
#.###..# ## # #..# ..
#..# #. #..# #. #..#
#. #..# ##. #..#
####..
#####..##########.....


You could see a phantom.

Vanquished Creatures
  The ghost of NoxCultor the Chopper, an amateur MiBe of Trog (D:4)
  A centaur zombie (D:3)
  An iguana (D:4)
  An ooze (D:4)
  A leopard gecko (D:2)
  An orc (D:3)
  A bat (D:1)
  5 goblins
  2 hobgoblins
  4 jackals (D:3)
  2 kobolds
  A frilled lizard (D:4)
  5 rats
26 creatures vanquished.

Notes
Turn   | Place    | Note
-------+----------+-------------------------------------------
     0 | D:1      | SpeedrunTech the Minotaur Berserker began the quest for the Orb.
     0 | D:1      | Reached XP level 1. HP: 19/19 MP: 0/0
    97 | D:1      | Reached skill level 4 in Axes
   208 | D:1      | Reached XP level 2. HP: 27/27 MP: 1/1
   401 | D:3      | Reached skill level 5 in Axes
   401 | D:3      | Reached XP level 3. HP: 24/34 MP: 2/2
   473 | D:3      | Reached ** piety under Trog
   684 | D:4      | Found a burning altar of Makhleb.
   856 | D:4      | Noticed NoxCultor's ghost (amateur MiBe)
   860 | D:4      | Noticed a phantom
   864 | D:4      | Killed NoxCultor's ghost
   864 | D:4      | Reached skill level 5 in Fighting
   864 | D:4      | Reached skill level 6 in Axes
   864 | D:4      | Reached XP level 4. HP: 42/42 MP: 3/3
   864 | D:4      | Reached XP level 5. HP: 48/48 MP: 4/4
   915 | D:4      | Slain by a phantom

Skill      XL: |  1  2  3 |
---------------+----------+-----
Axes           | 4 5 6 |  6.7
Fighting       | 4 5 |  5.4
Armour         | |  2.4
Dodging        | |  2.1

Action                   |  1- 3 |  4- 6 || total
-------------------------+-------+-------++-------
Melee: Hand axe          |    40 |    18 ||    58
       Headbutt          |     7 |     1 ||     8
Invok: Berserk           |     2 |       ||     2
       Trog's Hand       |       |     1 ||     1
  Eat: Bread ration      |       |     1 ||     1
Armor: Animal skin       |     7 |     1 ||     8
Dodge: Dodged            |    37 |     9 ||    46
